 Dungeon Crawl Stone Soup version 0.28.0-49-g6dfe1f597d (webtiles) character file.

Game seed: 18278114951349370224

23 Exodus22XD the Covered (level 2, 27/27 HPs)
             Began as a Minotaur Fighter on May 14, 2022.
             Was a Plaything of Xom.
             Quit the game on level 1 of the Dungeon.
             The game lasted 00:00:22 (538 turns).

Exodus22XD the Covered (Minotaur Fighter)            Turns: 538, Time: 00:00:22

Health: 27/27      AC:  7    Str: 20    XL:     2   Next: 72%
Magic:  1/1        EV:  9    Int:  5    God:    Xom [..*...]
Gold:   33         SH:  4    Dex:  9    Spells: 1/1 levels left

rFire   . . .      SeeInvis .   a - +0 war axe
rCold   . . .      Faith    .   c - +0 buckler
rNeg    . . .      Spirit   .   b - +0 scale mail
rPois   .          Reflect  .   (helmet restricted)
rElec   .          Harm     .   (no cloak)
rCorr   .          Rampage  .   (no gloves)
Will    .....                   (no boots)
Stlth   ..........              (no amulet)
HPRegen 0.09/turn               (no ring)
MPRegen 0.07/turn               (no ring)

@: no status effects
A: horns 2, retaliatory headbutt
a: Renounce Religion


You were on level 1 of the Dungeon.
You worshipped Xom.
You were a toy of Xom.
You visited 1 branch of the dungeon, and saw 1 of its levels.

You collected 33 gold pieces.

Inventory:

Hand Weapons
 a - a +0 war axe (weapon)
Armour
 b - a +0 scale mail (worn)
 c - a +0 buckler (worn)
Scrolls
 e - a scroll of teleportation {unknown}
 f - a scroll of magic mapping {unknown}
 h - a scroll of fear {unknown}
Potions
 d - a potion of might
 g - a potion of resistance {unknown}


   Skills:
 + Level 4.0 Fighting
 + Level 2.8 Axes
 + Level 4.0 Armour
 + Level 4.0 Shields


You had one spell level left.
You didn't know any spells.
Your spell library was empty.

Dungeon Overview and Level Annotations

Branches:
Dungeon (1/15)

Altars:
Xom


Innate Abilities, Weirdness & Mutations

You have a pair of horns on your head.
You reflexively headbutt those who attack you in melee.


Message History

The ball python bites you but does no damage.
The ball python constricts you.
You closely miss the ball python. You headbutt the ball python.
You kill the ball python!
You barely miss the hobgoblin. Your headbutt misses the hobgoblin.
The hobgoblin barely misses you. You furiously retaliate!
You headbutt the hobgoblin.
You kill the hobgoblin!
Your Fighting skill increases to level 4!
Things that are here:
a hobgoblin corpse; a ball python corpse No target in view!
A bat comes into view.
The bat hits you but does no damage.
A bat is nearby!
You barely miss the bat. The bat barely misses you. You furiously retaliate!
You headbutt the bat.
You kill the bat!
You see here 25 arrows.
A dart slug comes into view.
Found a faded altar of an unknown god.
A dart slug is nearby!
The dart slug launches a dart at you. The slug dart misses you.
A dart slug is nearby!
You hit the dart slug.
The dart slug is moderately wounded.
The dart slug bites you.
A dart slug is nearby!
You hit the dart slug. You headbutt the dart slug.
You kill the dart slug!
Your Shields skill increases to level 4!
No target in view!
You see here a dart slug corpse.
There is a faded altar of an unknown god here.
You cannot tell which god this altar belongs to.
Convert to them anyway?
Xom accepts your prayer! Xom welcomes you!
Xom is interested.
Are you sure you want to abandon this character and quit the game? (Confirm with "yes".)

#.###### #.# #.#
####### #.#
.....### #.#
......# #.#
##.##.## #.#
#.#.#...#..# #.#
#.....@...†####.#
#...#...#....##.#
#. ##.##.##.##.#
......##....#
...#.#########
.......# ########


There were no monsters in sight!

Vanquished Creatures
  2 dart slugs (D:1)
  A ball python (D:1)
  2 bats (D:1)
  An endoplasm (D:1)
  2 giant cockroaches (D:1)
  5 hobgoblins (D:1)
  2 kobolds (D:1)
  2 rats (D:1)
17 creatures vanquished.

Notes
Turn   | Place    | Note
-------+----------+-------------------------------------------
     0 | D:1      | Exodus22XD the Minotaur Fighter began the quest for the
                  | Orb.
     0 | D:1      | Reached XP level 1. HP: 19/19 MP: 0/0
   251 | D:1      | Reached XP level 2. HP: 27/27 MP: 1/1
   527 | D:1      | Found a faded altar of an unknown god.
   537 | D:1      | Prayed at the altar of an unknown god.
   537 | D:1      | Became a worshipper of Xom of Chaos
   538 | D:1      | Quit the game

Illustrated notes

Levels and vault maps discovered:
D:1:      roderic_chinese_lattice_arrival, layout_loops_ring,
          ebering_ecumenical_altar_box, minmay_distorted

Skill      XL: |  1  2 |
---------------+-------+-----
Armour         | 4 |  4.0
Fighting       | 4 |  4.0
Shields        | 4 |  4.0
Axes           | |  2.8

Action                   || total
-------------------------++-------
Melee: War axe           ||    33
       Headbutt          ||     3
Armor: Scale mail        ||    18
Dodge: Dodged            ||    19
Block: Buckler           ||     5
